 Dungeon Crawl Stone Soup version 0.29-a0-360-g8ed1089bbe (webtiles) character file.

Game seed: 16580325511495782826

313539 freelancePsychic the Alchemist (level 20, -3/195 HPs)
             Began as a Demonspawn Warper on Apr 28, 2022.
             Was the Champion of Uskayaw.
             Killed from afar by a deep elf sorcerer (35 damage)
             ... with damnation
             ... on level 3 of the Elven Halls on Apr 29, 2022.
             The game lasted 01:36:42 (50983 turns).

freelancePsychic the Alchemist (Demonspawn Warper) Turns: 50983, Time: 01:36:42

Health: -3/195     AC: 19    Str: 14    XL:     20   Next: 46%
Magic:  9/37       EV: 25    Int: 27    God:    Uskayaw [******]
Gold:   2003       SH:  0    Dex: 15    Spells: 24/46 levels left

rFire   + . .      SeeInvis .     - Unarmed
rCold   + . .      Faith    +   (shield currently unavailable)
rNeg    . . .      Spirit   .   (body armour currently unavailable)
rPois   ∞          Reflect  .   (helmet unavailable)
rElec   +          Harm     .   (cloak currently unavailable)
rCorr   .          Rampage  .   (gloves currently unavailable)
Will    +....                   (boots currently unavailable)
Stlth   ++........              N - amulet of faith
HPRegen 0.42/turn               O - ring of Gydal {+Blink rElec rC+ Int+2 Stlth+}
MPRegen 0.25/turn               Y - ring of protection from fire

@: confused, storm-form, ambrosia-drunk, flying, very slightly contaminated
A: cleaving, flying, (antennae 3), foul stench 1, robust 2, (spiny 3), big brain
3
}: 2/15 runes: barnacled, gossamer
a: Blinkbolt, End Transformation, Renounce Religion, Evoke Blink, Stomp, Line
Pass, Grand Finale


You were on level 3 of the Elven Halls.
You worshipped Uskayaw.
Uskayaw was aware of your devotion.
You were a lightning-filled tempest!
You visited 7 branches of the dungeon, and saw 37 of its levels.
You also visited: Gauntlet and Wizlab.

You collected 4320 gold pieces.
You spent 2317 gold pieces at shops.

Inventory:

Hand Weapons
 n - the +4 dagger "Leviticus" {spect, rF++}
   (You found it on level 1 of the Spider Nest)

   When its wielder attacks, the weapon's spirit leaps out and strikes again.
   The spirit shares a part of any damage it takes with its wielder.
   rF:        It greatly protects you from fire.
 X - the +6 Majin-Bo (melded) {vamp, MP+6 Int+6}
   (You took it off a Hellbinder in a wizard's laboratory)

   It heals its wielder for a portion of the damage dealt when they wound a
   living foe with it or with a spell.
   Its wielder's spells cost health as well as magical power.
   Int:       It affects your intelligence (+6).
   MP:        It affects your magic capacity (+6).
Missiles
 d - 2 boomerangs of dispersal
 m - 49 boomerangs
 z - 8 throwing nets
Armour
 h - a +2 hat of intelligence
 w - a +2 cloak (melded)
 B - a +0 pair of gloves (melded)
 Q - a +0 cloak of preservation
 Z - the +1 leather armour "Qorph" (melded) {rPois Int+5}
   (You found it on level 11 of the Dungeon)

   Int:       It affects your intelligence (+5).
   rPois:     It protects you from poison.
Jewellery
 D - the amulet "Esutetup" {RegenMP Drain rElec rF- rC+++}
   (You bought it in a shop on level 8 of the Dungeon)

   [amulet of magic regeneration]

   It increases your rate of magic regeneration.
   rF:        It makes you vulnerable to fire.
   rC:        It renders you almost immune to cold.
   rElec:     It insulates you from electricity.
   Drain:     It drains your maximum health when unequipped.
 L - a +6 ring of intelligence
 N - an amulet of faith (around neck)
 O - the ring of Gydal (left fist) {+Blink rElec rC+ Int+2 Stlth+}
   (You bought it in a shop on level 3 of the Dungeon)

   [ring of protection from cold]

   Int:       It affects your intelligence (+2).
   rC:        It protects you from cold.
   rElec:     It insulates you from electricity.
   +Blink:    It lets you blink.
   Stlth:     It makes you more stealthy.
 V - a ring of resist corrosion
 W - a +4 ring of protection
 Y - a ring of protection from fire (right fist)
Wands
 a - a wand of polymorph (14)
 u - a wand of digging (24)
 y - a wand of flame (27)
 I - a wand of paralysis (38)
 J - a wand of iceblast (32)
 K - a wand of acid (31)
 P - a wand of mindburst (14)
Scrolls
 b - 21 scrolls of identify {@r1}
 e - 5 scrolls of magic mapping
 g - 6 scrolls of teleportation {@r4}
 p - 2 scrolls of fog
 r - 6 scrolls of noise
 v - 7 scrolls of summoning
 x - 5 scrolls of silence
 F - 6 scrolls of immolation
 H - 6 scrolls of amnesia
 M - 5 scrolls of vulnerability
 R - 2 scrolls of enchant weapon
 S - 4 scrolls of brand weapon
Potions
 c - 10 potions of ambrosia
 i - 11 potions of lignification
 j - 3 potions of brilliance
 k - 7 potions of attraction
 l - 8 potions of mutation
 o - 13 potions of might
 q - a potion of cancellation
 t - 10 potions of flight
 C - 13 potions of curing {@q1}
 E - 8 potions of resistance
 G - 5 potions of haste {@q3}
 T - a potion of magic
 U - 4 potions of invisibility


   Skills:
 * Level 15.5 Fighting
 - Level 3.7 Short Blades
 - Level 0.8 Throwing
 - Level 0.8 Armour
 + Level 9.0 Dodging
 - Level 5.0 Stealth
 + Level 11.9 Unarmed Combat
 + Level 13.8 Spellcasting
 - Level 5.9 Conjurations
 - Level 10.0 Translocations
 + Level 15.5 Transmutations
 + Level 15.5 Air Magic
 * Level 11.1 Invocations


You had 24 spell levels left.
You knew the following spells:

 Your Spells              Type           Power      Damage    Failure   Level
a - Freezing Cloud        Conj/Ice/Air   27%        6-21      1%          5
b - Storm Form            Tmut/Air       40%        N/A       1%          7
e - Manifold Assault      Tloc           64%        N/A       1%          5
h - Irradiate             Conj/Tmut      33%        3d24      1%          5

Your spell library contained the following spells:

 Spells                   Type           Power      Damage    Failure   Level
 Beastly Appendage        Tmut           100%       N/A       0%          1
 Wereblood                Tmut           80%        N/A       0%          2
 Animate Skeleton         Necr           36%        N/A       1%          1
 Apportation              Tloc           100%       N/A       1%          1
 Foxfire                  Conj/Fire      100%       2x1d9     1%          1
 Freeze                   Ice            72%        1d9       1%          1
 Magic Dart               Conj           100%       1d8       1%          1
 Pain                     Necr           72%        1d7       1%          1
 Sandblast                Erth           36%        2d10      1%          1
 Shock                    Conj/Air       100%       1d9       1%          1
 Sting                    Tmut/Pois      100%       1d8       1%          1
 Summon Small Mammal      Summ           72%        N/A       1%          1
 Blink                    Tloc           100%       N/A       1%          2
 Corpse Rot               Necr/Air       100%       N/A       1%          2
 Passwall                 Tmut/Erth      47%        N/A       1%          2
 Poisonous Vapours        Pois/Air       100%       N/A       1%          2
 Scorch                   Fire           36%        2d6       1%          2
 Searing Ray              Conj           100%       2d8       1%          2
 Sublimation of Blood     Necr           18%        N/A       1%          2
 Conjure Flame            Conj/Fire      34%        6-21      1%          3
 Gell's Gravitas          Tloc           64%        N/A       1%          3
 Ignite Poison            Fire/Tmut/Pois 46%        N/A       1%          3
 Lesser Beckoning         Tloc           64%        N/A       1%          3
 Mephitic Cloud           Conj/Pois/Air  55%        N/A       1%          3
 Portal Projectile        Hex/Tloc       90%        N/A       1%          3
 Spider Form              Tmut/Pois      57%        N/A       1%          3
 Stone Arrow              Conj/Erth      68%        3d11      1%          3
 Teleport Other           Tloc           64%        N/A       1%          3
 Airstrike                Air            40%        N/A       1%          4
 Iskenderun's Mystic Bla  Conj/Tloc      58%        2d12      1%          4
 Petrify                  Tmut/Erth      57%        N/A       1%          4
 Blade Hands              Tmut           40%        N/A       1%          5
 Silence                  Hex/Air        28%        N/A       1%          5
 Iskenderun's Battlesphe  Conj           50%        2d10      2%          5
 Call Canine Familiar     Summ           18%        N/A       3%          3
 Frozen Ramparts          Ice            36%        1d5       3%          3
 Inner Flame              Hex/Fire       18%        N/A       3%          3
 Tukima's Dance           Hex            18%        N/A       3%          3
 Flame Wave               Conj/Fire      34%        2d8       3%          4
 Fulminant Prism          Conj/Hex       17%        3d11      3%          4
 Hailstorm                Conj/Ice       34%        3d9       3%          4
 Sticky Flame             Conj/Fire      34%        2d5       3%          4
 Dispersal                Tloc           32%        N/A       3%          6
 Fireball                 Conj/Fire      17%        3d9       10%         5
 Anguish                  Hex/Necr       9%         N/A       12%         4
 Animate Armour           Summ/Erth      36%        N/A       12%         4
 Leda's Liquefaction      Hex/Erth       9%         N/A       12%         4
 Agony                    Necr           18%        N/A       32%         5
 Excruciating Wounds      Necr           9%         N/A       32%         5
 Iron Shot                Conj/Erth      17%        9d4       45%         6
 Starburst                Conj/Fire      17%        6d6       45%         6
 Malign Gateway           Summ/Tloc      22%        N/A       75%         7
 Disjunction              Tloc           32%        N/A       75%         8
 Summon Cactus Giant      Summ           9%         N/A       85%         6
 Spellforged Servitor     Conj/Summ      17%        N/A       94%         7
 Enfeeble                 Hex            9%         N/A       100%        7
 Summon Hydra             Summ           9%         N/A       100%        7
 Ignition                 Fire           9%         3d5       100%        8
 Summon Horrible Things   Summ           9%         N/A       100%        8


Dungeon Overview and Level Annotations

Branches:
Dungeon (15/15)            Temple (0/1) D:5            Lair (6/6) D:9
 Shoals (4/4) Lair:3       Spider (4/4) Lair:3        Slime (0/5) Lair:6
    Orc (2/2) D:9             Elf (3/3) Orc:2        Vaults (3/5) D:14
  Crypt (0/3) Vaults:2     Depths (0/4) D:15         WizLab (visited)
Gauntlet (visited)

Altars:
Fedhas
Makhleb
Nemelex Xobeh
Ru
Sif Muna
Uskayaw
Vehumet
Wu Jian
Zin
Jiyva

Shops:
D:2 (   D:3 =   D:5 *   D:8 =   D:13 =   D:14 ?   Orc:2 :[[(   Vaults:1 (*(((
Vaults:3 (*

Annotations:
D:12 3 runed translucent doors, OTABOTABOTAB's ghost, adept MfIE
Lair:1 3 runed translucent doors, exclusion: oklob plant, Xozoco's ghost, journeyman MfGl
Lair:3 1 runed translucent door, halvedace's ghost, journeyman MiFi
Lair:6 1 runed translucent door
Orc:1 Sonja
Elf:2 3 runed translucent doors
Abyss:1 Rupert


Innate Abilities, Weirdness & Mutations

You are a lightning-filled tempest!
Your electrical attacks strike out in all directions at once.
You are incredibly evasive.
You are flying.
You are immune to poison.
Your armour is entirely melded.
You are incapable of wielding weapons or throwing items.
((You have a pair of large antennae on your head. (SInv)))
You may rarely emit foul miasma when damaged in melee.
You are very robust. (+20% HP)
((You are completely covered in sharp spines.))
You have an absolutely massive brain. (Int +6, Wiz)


Message History

The deep elf sorcerer seems to speed up.
The ghostly deep elf knight gestures wildly while chanting.
The ghostly deep elf knight flickers and vanishes!
The deep elf death mage is no longer paralysed.
Something misses you. Something hits you but does no damage.
Items here: )) [ ÷.
You batter something!! Lightning courses through something! Something hits you.
* * * LOW HITPOINT WARNING * * *
You emit a cloud of foul miasma!
Something hits you but does no damage.
Casting: Storm Form (mildly dangerous; 1% risk of failure)
Confirm with . or Enter, or press ? or * to list all spells.
You don't have enough magic to cast this spell.
Unknown command.
You completely miss something. Something hits you!
* * * LOW HITPOINT WARNING * * *
Something hits you but does no damage. Something completely misses you.
Something hits you!
* * * LOW HITPOINT WARNING * * *
You feel better. Something hits you!
* * * LOW HITPOINT WARNING * * *
Something hits you.
* * * LOW HITPOINT WARNING * * *
You feel better. Something barely misses you. Something completely misses you.
Something hits you.
* * * LOW HITPOINT WARNING * * *
Something hits you!
* * * LOW HITPOINT WARNING * * *
Uskayaw links your audience in an emotional bond!
As you read the scroll of fear, it crumbles to dust.
You assume a fearsome visage.
The deep elf death mage looks frightened!
The deep elf sorcerer resists with almost no effort.
Your attack snaps the deep elf death mage out of its fear.
Reactivating autopickup.
You feel a bit more experienced.
You are confused.
You feel invigorated.
The deep elf sorcerer points at you and mumbles some strange words.
The sphere of damnation explodes!
The damnation engulfs you!!
You die...

#.e)## ##.))##
##.).## ##)).#
##)##### #####
#.)###.#......
#ee....#......
##°#######....
#v# .. ##.##
##...##
#.###.# #.#
#.# #)###.#
##...##
######)..##
#.........#


You could see a deep elf death mage (pain bonded) and a deep elf sorcerer (fast,
pain bonded).

Vanquished Creatures
  Saint Roka (Vaults:2)
  A Hellbinder (WizLab)
  Arachne (Spider:4)
  A lich (Vaults:1)
  2 deep elf master archers (Elf:3)
  2 deep elf blademasters (Elf:3)
  2 ancient champions (Vaults:2)
  A sphinx (Vaults:1)
  A kraken (Shoals:4)
  Gastronok (Lair:1)
  2 tengu reavers (Vaults:1)
  Kirke (Lair:4)
  Donald (Spider:2)
  2 vault wardens (Vaults:2)
  2 emperor scorpions (Spider:4)
  5 deep elf sorcerers
  An orc warlord (Orc:1)
  Aizul (Shoals:4)
  A curse skull (Vaults:2)
  9 ghost moths
  A cacodemon (WizLab)
  A deep elf elementalist (Elf:3)
  A balrug (WizLab)
  8 ironbound preservers
  2 ironbound thunderhulks
  A broodmother (shapeshifter) (Elf:1)
  A very ugly thing (Vaults:1)
  A demonspawn blood saint (WizLab)
  A broodmother (Spider:4)
  2 stone giants (Vaults:2)
  4 deep elf demonologists
  2 lorocyprocas (WizLab)
  10 dire elephants
  5 entropy weavers
  3 spark wasps
  4 deep elf annihilators
  A minotaur (Gauntlet)
  Snorg (D:10)
  An ettin (Orc:2)
  3 deep elf death magi
  10 merfolk impalers
  7 merfolk javelineers
  A green death (WizLab)
  A fire dragon (D:15)
  3 great orbs of eyes
  A deep elf high priest (Elf:3)
  Harold (D:10)
  4 boulder beetles
  3 yaktaur captains
  An ice dragon (D:15)
  3 jorogumos
  3 vault guards (Vaults:2)
  Erolcha (D:10)
  An ogre mage (D:15)
  9 hydras
  2 hell beasts (WizLab)
  4 alligator snapping turtles
  11 centaur warriors
  2 ironbound frosthearts
  3 merfolk avatars
  10 two-headed ogres
  A death knight (D:14)
  2 catoblepae
  9 dancing weapons
  A death yak (Lair:4)
  4 merfolk aquamancers
  4 radroaches
  A satyr (Shoals:4)
  An alligator (Lair:4)
  Urug (Lair:1)
  A vampire mage (Vaults:2)
  8 deep elf knights
  A soul eater (WizLab)
  5 skeletal warriors (D:14)
  2 pharaoh ants
  2 sun moths
  7 orb spiders
  4 steelbarb worms
  19 sea snakes
  2 shadow demons (WizLab)
  25 deep trolls
  2 glowing orange brains
  13 harpies
  5 wizards
  3 orc knights
  11 deep elf archers
  2 phantasmal warriors
  5 ironbound convokers
  15 deep elf zephyrmancers
  A necromancer (Gauntlet)
  3 orc sorcerers
  33 deep elf pyromancers
  30 wolf spiders
  14 ugly things
  7 cyclopes
  19 manticores
  7 fauns
  6 moths of wrath
  6 vault sentinels
  22 elephants
  7 merfolk sirens
  A rust devil (WizLab)
  6 black mambas
  8 water nymphs
  2 naga magi (Vaults:1)
  3 orange demons (WizLab)
  2 smoke demons (WizLab)
  2 gargoyles
  An unseen horror (D:11)
  Joseph (Lair:1)
  27 cane toads
  A rime drake (Lair:6)
  8 torpor snails
  5 demonic crawlers
  9 yaktaurs
  13 komodo dragons
  A rime drake (shapeshifter) (Elf:3)
  An efreet (D:14)
  A yaktaur (shapeshifter) (D:15)
  4 tengu conjurers
  A tormentor (WizLab)
  2 ice devils (WizLab)
  A freezing wraith (D:13)
  A hellwing (WizLab)
  4 tyrant leeches (Lair:6)
  3 red devils (WizLab)
  6 trolls
  Grinder (D:4)
  2 hornets (shapeshifter)
  A queen bee (Spider:2)
  9 meliai
  7 polar bears
  23 tarantellas
  10 wind drakes
  53 merfolk
  23 blink frogs
  A wolf spider simulacrum (D:11)
  15 slime creatures
  10 dream sheep
  8 snapping turtles
  32 jumping spiders
  A centaur simulacrum (D:14)
  21 culicivoras
  11 water elementals
  7 shadows
  A ynoxinul (WizLab)
  5 air elementals
  2 vampires
  6 wyverns
  4 wraiths
  5 hogs (Lair:4)
  21 yaks
  4 basilisks
  A fire elemental (Elf:1)
  2 steam dragons
  21 vampire mosquitoes
  A neqoxec (WizLab)
  39 redbacks
  4 chaos spawn (WizLab)
  3 wargs (Orc:2)
  4 acid dragons
  An acid dragon (shapeshifter) (D:14)
  14 water moccasins
  35 orc warriors
  An ice beast (D:6)
  9 black bears
  An ice beast (shapeshifter) (D:12)
  10 ogres
  4 wolves
  A boggart (D:14)
  15 centaurs
  3 phantoms
  2 kobold brigands
  26 bullfrogs
  A necrophage (D:5)
  3 earth elementals (Elf:2)
  3 gnoll sergeants
  A scorpion (D:6)
  14 wights
  20 killer bees
  4 howler monkeys
  4 electric eels
  8 crimson imps (D:7)
  A hound (D:5)
  3 jellies
  13 orc priests
  Crazy Yiuf (D:2)
  4 iguanas
  Jessica (D:3)
  Terence (D:3)
  14 orc wizards
  2 hell rats (Lair:1)
  19 gnolls
  10 adders
  10 river rats
  A shadow imp (D:7)
  2 white imps (D:6)
  10 worms
  4 dart slugs
  75 orcs
  5 ball pythons
  4 bats
  3 endoplasms
  3 giant cockroaches
  4 hobgoblins
  3 goblins
  16 kobolds
  5 rats
  3 tentacles (Shoals:4)
1352 creatures vanquished.

Vanquished Creatures (others)
  A green death (WizLab)
  A hydra (Lair:4)
  A deep elf zephyrmancer (Elf:1)
  An orc wizard (Orc:2)
  18 fungi
  159 plants
  9 tentacles (Shoals:4)
190 creatures vanquished.

Grand Total: 1542 creatures vanquished

Notes
Turn   | Place    | Note
-------+----------+-------------------------------------------
     0 | D:1      | freelancePsychic the Demonspawn Warper began the quest for
                  | the Orb.
     0 | D:1      | Reached XP level 1. HP: 16/16 MP: 3/3
   448 | D:1      | Gained mutation: You are partially covered in sharp spines.
                  | [demonic ancestry]
   448 | D:1      | Reached XP level 2. HP: 19/22 MP: 5/5
   647 | D:2      | Found a faded altar of an unknown god.
   650 | D:2      | Prayed at the altar of an unknown god.
   650 | D:2      | Became a worshipper of Uskayaw the Reveller
   650 | D:2      | Reached * piety under Uskayaw
   689 | D:2      | Reached ** piety under Uskayaw
   800 | D:2      | Found a runed translucent door.
   801 | D:2      | Noticed Crazy Yiuf
   903 | D:2      | Reached skill level 1 in Invocations
   913 | D:2      | Reached XP level 3. HP: 28/28 MP: 6/6
  1075 | D:2      | Reached *** piety under Uskayaw
  1078 | D:2      | Reached **** piety under Uskayaw
  1082 | D:2      | Gained mutation: You have a pair of small antennae on your
                  | head. [demonic ancestry]
  1082 | D:2      | Reached XP level 4. HP: 34/34 MP: 7/7
  1082 | D:2      | Reached ***** piety under Uskayaw
  1158 | D:2      | Found Hyinoc's Weapon Boutique.
  1603 | D:2      | Killed Crazy Yiuf
  1604 | D:2      | Gained mutation: You have an unusually large brain. (Int
                  | +2) [demonic ancestry]
  1604 | D:2      | Reached XP level 5. HP: 33/41 MP: 8/8
  1638 | D:3      | Found Hetaotas's Jewellery Shop.
  1757 | D:3      | Noticed Terence
  1767 | D:3      | Killed Terence
  1854 | D:3      | Reached skill level 1 in Air Magic
  1880 | D:3      | Reached skill level 1 in Transmutations
  2167 | D:3      | Noticed Jessica
  2175 | D:3      | Killed Jessica
  2176 | D:3      | Reached XP level 6. HP: 47/47 MP: 9/9
  2273 | D:4      | Found a sacrificial altar of Ru.
  2275 | D:4      | Found an ornate altar of the Wu Jian Council.
  2275 | D:4      | Found a shimmering blue altar of Sif Muna.
  2918 | D:4      | Noticed Grinder
  2992 | D:4      | Killed Grinder
  2993 | D:4      | Reached XP level 7. HP: 21/54 MP: 10/10
  3354 | D:5      | Entered Level 5 of the Dungeon
  3644 | D:5      | Found a sparkling altar of Nemelex Xobeh.
  3801 | D:5      | Found a blossoming altar of Fedhas.
  3990 | D:5      | Found Sumoh's Elemental Accessories.
  4002 | D:5      | Found a staircase to the Ecumenical Temple.
  4089 | D:5      | Learned a level 5 spell: Irradiate
  4115 | D:6      | Gained mutation: You have an extremely huge brain. (Int +4)
                  | [demonic ancestry]
  4115 | D:6      | Reached XP level 8. HP: 44/61 MP: 7/11
  4362 | D:6      | Reached skill level 5 in Fighting
  4366 | D:6      | Reached skill level 5 in Air Magic
  4397 | D:6      | Reached skill level 5 in Transmutations
  4833 | D:6      | Found a burning altar of Makhleb.
  4852 | D:6      | Reached XP level 9. HP: 23/68 MP: 6/14
  4870 | D:6      | Learned a level 7 spell: Storm Form
  6118 | D:8      | Found Qiask's Jewellery Shop.
  6580 | D:10     | Entered Level 10 of the Dungeon
  6762 | D:10     | Noticed Erolcha
  6775 | D:11     | Noticed a deep elf pyromancer
  6792 | D:11     | Killed a deep elf pyromancer
  6793 | D:11     | Reached XP level 10. HP: 57/77 MP: 16/16
  7107 | D:11     | Noticed a gargoyle
  7187 | D:11     | Reached skill level 1 in Conjurations
  7281 | D:11     | Noticed a manticore
  7288 | D:11     | Killed a manticore
  7289 | D:11     | Reached skill level 5 in Spellcasting
  7618 | D:10     | Noticed a two-headed ogre
  7634 | D:10     | Killed a two-headed ogre
  7721 | D:10     | Noticed Harold
  7754 | D:10     | Noticed Snorg
  8486 | D:9      | Reached XP level 11. HP: 66/84 MP: 19/19
  8623 | D:9      | Found a staircase to the Orcish Mines.
  8668 | D:9      | Found a staircase to the Lair.
  8798 | Lair:1   | Entered Level 1 of the Lair of Beasts
  8907 | Lair:1   | Identified the +7 short sword of Boliqakk {antimagic, Int+5
                  | Stlth+}
  9023 | Lair:1   | Reached skill level 5 in Conjurations
  9207 | Lair:1   | Noticed Gastronok
  9236 | Lair:1   | Killed Gastronok
  9303 | Lair:1   | Noticed Joseph
  9325 | Lair:1   | Killed Joseph
  9385 | Lair:1   | Gained mutation: You are frail. (-10% HP) [mutagenic glow]
  9515 | Lair:1   | Noticed Xozoco's ghost (journeyman MfGl)
  9581 | Lair:1   | Noticed Urug
  9604 | Lair:1   | Killed Urug
 10080 | Lair:1   | Reached skill level 10 in Transmutations
 10323 | Lair:1   | Found a runed translucent gate.
 10324 | Lair:1   | Found a runed translucent gate.
 10324 | Lair:1   | Noticed an oklob plant
 10325 | Lair:1   | Found a runed translucent gate.
 10896 | Lair:2   | Gained mutation: You are mostly covered in sharp spines.
                  | [demonic ancestry]
 10896 | Lair:2   | Reached XP level 12. HP: 49/84 MP: 16/22
 11882 | Lair:3   | Found a hole to the Spider Nest.
 12098 | Lair:3   | Found a staircase to the Shoals.
 12141 | Lair:3   | Found a runed translucent door.
 12475 | Lair:3   | Noticed halvedace's ghost (journeyman MiFi)
 12985 | Lair:4   | Reached skill level 10 in Air Magic
 13052 | Lair:4   | Noticed Kirke
 13063 | Lair:4   | Killed Kirke
 13497 | Lair:4   | Gained mutation: You have an absolutely massive brain. (Int
                  | +6, Wiz) [demonic ancestry]
 13497 | Lair:4   | Reached XP level 13. HP: 75/90 MP: 24/24
 14044 | Lair:4   | Identified the +7 fustibalus of Koriv {vorpal, rC+ rN+ MP+9
                  | Str+3}
 14179 | Lair:4   | Reached skill level 10 in Fighting
 14404 | Lair:4   | Got the Guide on Earthen Combat Magic
 15994 | Lair:6   | Entered Level 6 of the Lair of Beasts
 15994 | Lair:6   | Noticed an azure jelly
 15994 | Lair:6   | Noticed an azure jelly
 15994 | Lair:6   | Found a runed translucent door.
 15994 | Lair:6   | Found a viscous altar of Jiyva.
 16011 | Lair:6   | Reached ****** piety under Uskayaw
 16107 | Lair:6   | Found a gate leading to a gauntlet.
 16122 | Gauntlet | Entered a Gauntlet
 16122 | Gauntlet | Found a transporter.
 16122 | Gauntlet | Found a transporter.
 16122 | Gauntlet | Found a transporter.
 16167 | Gauntlet | Found a transporter.
 16168 | Gauntlet | Found a transporter.
 16171 | Gauntlet | Found a transporter.
 16177 | Gauntlet | Found a transporter.
 16179 | Gauntlet | Found a transporter.
 16180 | Gauntlet | Found a transporter.
 16182 | Gauntlet | Found a transporter.
 16190 | Gauntlet | Found a transporter.
 16191 | Gauntlet | Found a transporter.
 16516 | Gauntlet | Lost mutation: You are frail. (-10% HP) [demonic ancestry]
 16516 | Gauntlet | Gained mutation: You are robust. (+10% HP) [demonic
                  | ancestry]
 16516 | Gauntlet | Reached XP level 14. HP: 88/122 MP: 26/26
 16700 | Lair:6   | Reached skill level 1 in Unarmed Combat
 16809 | Lair:6   | Identified the +2 buckler of the Pit {rCorr}
 16933 | Lair:6   | Found a staircase to the Slime Pits.
 16933 | Lair:6   | Noticed an azure jelly
 18033 | Orc:1    | Entered Level 1 of the Orcish Mines
 18224 | Orc:2    | Entered Level 2 of the Orcish Mines
 18224 | Orc:2    | Found a staircase to the Elven Halls.
 18569 | Orc:1    | Noticed Sonja
 18574 | Orc:1    | Noticed an orc warlord
 18590 | Orc:1    | Killed an orc warlord
 18929 | Orc:2    | Reached skill level 5 in Invocations
 19325 | Orc:2    | Found Bafubis's Armour Emporium.
 19325 | Orc:2    | Found Basaskas's Armour Boutique.
 19327 | Orc:2    | Found Miusuguh's Book Shop.
 19329 | Orc:2    | Found Hihulloff's Antique Weapon Shoppe.
 19341 | Orc:2    | Bought a fine long sword for 238 gold pieces
 19341 | Orc:2    | Identified the +7 long sword "Bilel" {flame, rC+} (You
                  | bought it in a shop on level 2 of the Orcish Mines)
 19836 | D:8      | Bought the amulet "Esutetup" {RegenMP Drain rElec rF-
                  | rC+++} for 863 gold pieces
 19836 | D:8      | Bought a ring of protection from fire for 325 gold pieces
 19854 | D:8      | Learned a level 5 spell: Freezing Cloud
 19900 | Elf:1    | Entered Level 1 of the Elven Halls
 20228 | Elf:1    | Reached skill level 10 in Spellcasting
 20599 | Elf:1    | Reached XP level 15. HP: 108/130 MP: 24/29
 21225 | D:10     | Killed Snorg
 21367 | D:10     | Killed Erolcha
 21419 | D:10     | Killed Harold
 22286 | D:11     | Identified the +1 leather armour "Qorph" {rPois Int+5}
 22443 | D:12     | Found a runed translucent gate.
 22449 | D:12     | Found a runed translucent gate.
 22451 | D:12     | Found a runed translucent gate.
 22463 | D:12     | Noticed Rupert
 22468 | D:12     | Banished Rupert
 22567 | D:12     | Reached skill level 5 in Unarmed Combat
 23150 | D:12     | Found a runed translucent gate.
 23150 | D:12     | Found a runed translucent gate.
 23152 | D:12     | Noticed OTABOTABOTAB's ghost (adept MfIE)
 23154 | D:12     | Found a runed translucent gate.
 23555 | D:13     | Found Ofrorr's Jewellery Shop.
 24421 | D:14     | You fall into a shaft and drop 1 floor!
 24421 | D:15     | Entered Level 15 of the Dungeon
 24727 | D:14     | Found a gate to the Vaults.
 24788 | D:14     | Got the Papyrus of Lightness and Venom
 25766 | D:14     | Found Negexaw's Magic Scroll Shoppe.
 25774 | D:14     | Bought a scroll of blinking for 112 gold pieces
 25774 | D:14     | Bought a scroll of teleportation for 45 gold pieces
 25774 | D:14     | Bought a scroll of fog for 30 gold pieces
 26041 | D:15     | Gained mutation: You may rarely emit foul miasma when
                  | damaged in melee. [demonic ancestry]
 26041 | D:15     | Reached XP level 16. HP: 124/141 MP: 20/31
 26119 | D:15     | Found a staircase to the Depths.
 26398 | D:15     | Found a hide-covered altar of Uskayaw.
 26605 | Spider:1 | Entered Level 1 of the Spider Nest
 27461 | Spider:1 | Identified the +4 dagger "Leviticus" {spect, rF++}
 27684 | Spider:2 | Noticed Donald
 27694 | Spider:2 | Killed Donald
 28277 | Spider:2 | Reached skill level 10 in Invocations
 29180 | Spider:2 | Reached skill level 1 in Stealth
 31700 | Spider:4 | Entered Level 4 of the Spider Nest
 32183 | Spider:4 | Gained mutation: You are completely covered in sharp
                  | spines. [demonic ancestry]
 32183 | Spider:4 | Reached XP level 17. HP: 108/151 MP: 28/33
 32482 | Spider:4 | Noticed Arachne
 32866 | Spider:4 | Reached skill level 5 in Stealth
 32878 | Spider:4 | Killed Arachne
 32922 | Spider:4 | Learned a level 5 spell: Manifold Assault
 34602 | Spider:4 | Got a gossamer rune of Zot
 34739 | Shoals:1 | Entered Level 1 of the Shoals
 35149 | Shoals:1 | Reached skill level 5 in Translocations
 35535 | Shoals:1 | Reached skill level 10 in Unarmed Combat
 36279 | Shoals:2 | Reached skill level 15 in Fighting
 37913 | Shoals:3 | Gained mutation: You have a pair of antennae on your head.
                  | [demonic ancestry]
 37913 | Shoals:3 | Reached XP level 18. HP: 123/163 MP: 34/34
 38511 | Shoals:3 | Reached skill level 5 in Dodging
 39131 | Shoals:4 | Entered Level 4 of the Shoals
 40160 | Shoals:4 | Noticed Aizul
 40169 | Shoals:4 | Killed Aizul
 40807 | Shoals:4 | Got a barnacled rune of Zot
 41974 | Vaults:1 | Entered Level 1 of the Vaults
 41998 | Vaults:1 | Found Qan Ico's Weapon Shop.
 42060 | Vaults:1 | Found Gacishas's Weapon Boutique.
 42092 | Vaults:1 | Found Mysuisue's Weapon Shoppe.
 42177 | Vaults:1 | Found Jeamaqiufu's General Store.
 42183 | Vaults:1 | Bought a potion of might for 68 gold pieces
 42228 | Vaults:1 | Found a magical portal.
 42237 | WizLab   | Entered The Hall of the Hellbinder
 42724 | WizLab   | Noticed Irumeruf
 42729 | WizLab   | Found a burning altar of Makhleb.
 42733 | WizLab   | Killed Irumeruf the Hellbinder
 42753 | WizLab   | Identified the amulet "Dobrimi" {RegenMP rElec rPois Int+2}
 42759 | WizLab   | Got the Compendium of Summoning
 43031 | Vaults:1 | Gained mutation: You are very robust. (+20% HP) [demonic
                  | ancestry]
 43031 | Vaults:1 | Reached XP level 19. HP: 144/186 MP: 21/35
 43590 | Vaults:1 | Found Nusitemo's Antique Weapon Shoppe.
 44119 | Vaults:1 | Found a radiant altar of Vehumet.
 44119 | Vaults:1 | Found the +5 robe of Night {Dark Will+ SInv}
 44132 | Vaults:1 | Identified the +0 hat of Varchief {Harm MP+9}
 44151 | Vaults:1 | Identified the +0 robe of Subjectivity {Drain rElec rPois
                  | rN++}
 44157 | Vaults:1 | Identified the +1 robe of the Caustic God {rC+ Will- Regen+
                  | Str+2}
 44454 | Vaults:2 | Noticed Saint Roka
 44460 | Vaults:2 | Killed Saint Roka
 45878 | Vaults:2 | Found a staircase to the Crypt.
 46361 | Vaults:3 | Found Eheffim's Antique Weapon Shoppe.
 46370 | Vaults:3 | Reached skill level 15 in Transmutations
 46371 | Vaults:3 | Reached skill level 10 in Translocations
 46371 | Vaults:3 | Reached skill level 15 in Air Magic
 47231 | Vaults:3 | Identified the +0 ring mail of Uxienwoa {-Cast Harm rElec
                  | Slay-3}
 47284 | Vaults:3 | Found Xuacie's Assorted Antiques.
 47767 | D:3      | Bought the ring of Gydal {+Blink rElec rC+ Int+2 Stlth+}
                  | for 636 gold pieces
 48404 | Elf:1    | Gained mutation: You have a pair of large antennae on your
                  | head. (SInv) [demonic ancestry]
 48404 | Elf:1    | Reached XP level 20. HP: 156/171 MP: 22/37
 49446 | Elf:2    | Paralysed by an air elemental for 1 turns
 49975 | Elf:2    | Paralysed by an air elemental for 1 turns
 50352 | Elf:2    | Found a runed translucent gate.
 50352 | Elf:2    | Found a runed translucent gate.
 50353 | Elf:2    | Found a runed translucent gate.
 50509 | Elf:3    | Entered Level 3 of the Elven Halls
 50656 | Elf:3    | Identified the +1 plate armour of Nemelex Xobeh, Howling
                  | {Str+3}
 50928 | Elf:3    | Identified the +3 morningstar "Soekhlorph" {spect, rN+
                  | Int+2 Dex+3}
 50935 | Elf:3    | Identified the +8 long sword of Slow Death {vorpal, Dex+4}
 50954 | Elf:3    | Identified a scroll of acquirement
 50958 | Elf:3    | Identified the +3 halberd of Eternal Vigilance {holy,
                  | Str+6}
 50970 | Elf:3    | HP: 7/195 [ghostly deep elf knight/+4 great mace of holy
                  | wrath (21)]
 50983 | Elf:3    | Killed from afar by a deep elf sorcerer

Illustrated notes

Levels and vault maps discovered:
D:1:      amcnicky_arrival_feature_with_door, layout_rooms, patterned_corridor
D:2:      wad_crossroads, layout_basic, nicolae_ecumenical_oubliette,
          serial_shops, shop, uniq_crazy_yiuf_cottage
D:3:      layout_basic, serial_shops, shop, uniq_jessica, uniq_terence
D:4:      layout_layer_cave, mainiacjoe_overflow_alcove_3, uniq_grinder
D:5:      layout_basic, fedhas_ov_isle_minmay, mainiacjoe_overflow_boulevard,
          minmay_temple_entry_junction, nicolae_elemental_shop
D:6:      kennysheep_six_static_rooms, layout_basic, kennysheep_little_box
D:7:      layout_basic, minmay_nine_imps
D:8:      layout_rooms, serial_shops, nicolae_stop_n_shop_2
D:9:      layout_big_octagon, david_lair_generic, david_orc_2
D:10:     layout_irregular_city, blue_anna_alchemist, uniq_erolcha, uniq_harold,
          uniq_snorg
D:11:     layout_gridville
D:12:     layout_rooms, ploomutoo_gammafunk_ghost_potion_laboratory, uniq_rupert
D:13:     layout_long_grid, serial_shops, shop
D:14:     layout_basic, skrybe_vaults_entry_preservation, serial_shops, shop,
          glass_columns_a, minmay_variable_closet
D:15:     grunt_enter_depths_hoard, layout_cave_pools, chequers_arboretum,
          dancing_weapons_uskayaw
Lair:1:   layout_layer_cave, gammafunk_ghost_split, serial_bayou_pond_e,
          serial_bayou_pond_e, kennysheep_rathole, uniq_joseph, uniq_gastronok,
          uniq_urug
Lair:2:   beast_lair_carwin_large_3, layout_cave_pods
Lair:3:   layout_gridlike, elwin_shoals_entry_rocks, spider_nest_entry_webs,
          ebering_ghost_reflecting_pool, pond, infiniplex_staircase_pool
Lair:4:   nzn_winding_woodlands_huge [nzn_winding_woodlands_5x15_parted,
          nzn_winding_woodlands_5x15_sidewinder,
          nzn_winding_woodlands_5x15_jagged, nzn_winding_woodlands_5x15_pockets,
          nzn_winding_woodlands_5x15_pathside_ponds,
          nzn_winding_woodlands_5x15_twine, nzn_winding_woodlands_5x15_crooked,
          nzn_winding_woodlands_5x15_eye, nzn_winding_woodlands_5x15_garden,
          nzn_winding_woodlands_5x15_default,
          nzn_winding_woodlands_center_diamonds,
          nzn_winding_woodlands_center_lodge,
          nzn_winding_woodlands_15x15_eel_pit], layout_layer_cave, uniq_kirke
Lair:5:   beast_lair_carwin_large_2, layout_misc_corridors
Lair:6:   minmay_lair_end_frog_pond, layout_big_grid, slime_altar_2,
          gauntlet_entry_generic, st_stairs_7
Shoals:1: layout_shoals, nicolae_shoals_so_close
Shoals:2: layout_shoals, nicolae_shoals_mertower
Shoals:3: layout_shoals
Shoals:4: shoals_end_hangedman, layout_shoals, uniq_aizul
Spider:1: layout_spider_delve
Spider:2: layout_spider_delve, hive_lemuel, uniq_donald
Spider:3: layout_chambers
Spider:4: johnstein_spider_rune_arachne_lair, nicolae_spider_checkerboard
Orc:1:    layout_caves, lightli_orcish_oven, uniq_sonja
Orc:2:    st_orc_rangers, layout_caves
Elf:1:    minmay_elf_arrival_summoners, layout_rooms, minmay_elf_sorcery
Elf:2:    elven_hall_of_blades_hangedman_original
          [infiniplex_blade_entry_pillars], layout_loops_ring,
          guppyfry_elf_garden
Elf:3:    grunt_elf_hall_asides, layout_loops_corners,
          nicolae_elf_elemental_lessons, grunt_megastairs_5, minmay_shop_star
Vaults:1: infiniplex_enter_wizlab_water, vaults_room_pool,
          ontoclasm_vaults_ring_large, ontoclasm_vaults_eye,
          grunt_tower_of_power, nicolae_vaults_mini_display_case,
          vaults_room_stairs_pillars, ontoclasm_vaults_loading_screen,
          layout_vaults_big_room, serial_shops, nicolae_diamond_shop,
          nicolae_shop_behind_doors, nicolae_shop_bloodbath_and_beyond, shop,
          nicolae_shop_trees
Vaults:2: v_rooms_4, minmay_crypt_entry_simple_round, grunt_vaults_diagonal,
          ontoclasm_vaults_pinch, layout_vaults_omnigrid, uniq_saint_roka
Vaults:3: hangedman_vaults_stream, nicolae_vaults_specimen_jars,
          vaults_mumra_hex, v_misc_26, grunt_vaults_twisty,
          ontoclasm_vaults_spin, v_rooms_2, nicolae_vaults_asterisk,
          vaults_room_hallway, ontoclasm_vaults_idyll,
          layout_vaults_maze_snakey, serial_shops, nicolae_shop_trees, shop,
          nicolae_square_shop, nicolae_shop_advertising_works
          [nicolae_subvault_shop_adworks]

Skill      XL: |  1  2  3  4  5  6  7  8  9 10 11 12 13 14 15 16 17 18 19 20 |
---------------+-------------------------------------------------------------+-----
Short Blades   | 2 3 |  3.7
Invocations    | 1 2 3 6 9 10 11 | 11.1
Fighting       | 3 4 5 6 7 8 9 10 11 12 13 15 | 15.5
Air Magic      | 1 3 4 5 7 8 10 11 12 13 14 15 | 15.5
Transmutations | 1 3 4 5 7 8 10 11 13 14 15 | 15.5
Spellcasting   | 3 4 5 6 7 8 10 11 12 13 | 13.8
Conjurations   | 4 5 |  5.9
Unarmed Combat | 4 6 8 10 11 | 11.9
Stealth        | 4 5 |  5.0
Translocations | 6 8 10 | 10.0
Dodging        | 3 6 8 9 |  9.0
Throwing       | |  0.8
Armour         | |  0.8

Action                   |  1- 3 |  4- 6 |  7- 9 | 10-12 | 13-15 | 16-18 | 19-21 || total
-------------------------+-------+-------+-------+-------+-------+-------+-------++-------
Melee: Short sword       |    55 |   151 |   314 |   501 |   187 |       |       ||  1208
       Punch             |     1 |     1 |     3 |     9 |    24 |    57 |    23 ||   118
       Unarmed           |       |       |       |       |   550 |   990 |   514 ||  2054
       Dagger            |       |       |       |       |       |    27 |       ||    27
       Quarterstaff      |       |       |       |       |       |       |     7 ||     7
Throw: Boomerang         |       |     2 |       |     4 |       |       |       ||     6
 Cast: Irradiate         |       |       |       |    29 |    56 |    35 |     9 ||   129
       Storm Form        |       |       |       |       |    47 |    89 |    41 ||   177
       Manifold Assault  |       |       |       |       |       |   153 |   145 ||   298
       Freezing Cloud    |       |       |       |       |       |     1 |       ||     1
Invok: Stomp             |       |       |    17 |     6 |       |     2 |       ||    25
 Abil: Blinkbolt         |       |       |       |       |    13 |    30 |    13 ||    56
       End Transformatio |       |       |       |       |     1 |     1 |     1 ||     3
Evoke: Wand              |       |       |     1 |    19 |     2 |     1 |       ||    23
  Use: Potion            |       |     1 |       |    13 |     6 |     5 |     8 ||    33
       Scroll            |       |       |    14 |    14 |     8 |    10 |     3 ||    49
 Stab: Paralysed         |     1 |     3 |    11 |    37 |   113 |   101 |    24 ||   290
       Invisible         |       |       |       |     4 |       |       |       ||     4
       Petrified         |       |       |       |       |     9 |       |       ||     9
       Sleeping          |       |       |       |       |       |     1 |       ||     1
Armor: Leather armour    |     8 |       |       |       |     1 |     7 |     5 ||    21
       Ring mail         |    12 |    27 |   137 |   260 |   158 |       |       ||   594
       Skin              |       |       |       |       |   196 |   323 |    59 ||   578
Dodge: Dodged            |    25 |    45 |   151 |   260 |   650 |   794 |   266 ||  2191

Table legend: (Time is in decaauts)
 A = Elapsed time spent in this place.
 B = Non-inter-level travel time spent in this place.
 C = Inter-level travel time spent in this place.
 D = Time resting spent in this place.
 E = Time spent auto-exploring this place.
 F = Levels seen in this place.
 G = Mean time per level.
                   A        B        C        D        E       F      G
               +--------+--------+--------+--------+--------+-----+--------+
         Total |  51016 |  47897 |   3119 |   4405 |  35751 |  39 | 1308.1 |
       Dungeon |  15088 |  13517 |   1571 |    736 |  10200 |  15 | 1005.9 |
          Lair |   8847 |   8358 |    489 |     29 |   7011 |   6 | 1474.5 |
        Shoals |   7190 |   6876 |    314 |   1150 |   4844 |   4 | 1797.5 |
   Spider Nest |   8081 |   7905 |    176 |   1614 |   5271 |   4 | 2020.2 |
  Orcish Mines |   1602 |   1372 |    230 |      0 |   1132 |   2 |  801.0 |
   Elven Halls |   4283 |   4233 |     50 |    730 |   2928 |   3 | 1427.7 |
        Vaults |   4645 |   4358 |    287 |     73 |   3498 |   3 | 1548.3 |
        Wizlab |    746 |    746 |      0 |      0 |    581 |   1 |  746.0 |
      Gauntlet |    530 |    530 |      0 |     73 |    284 |   1 |  530.0 |
               +--------+--------+--------+--------+--------+-----+--------+

Top non-repeatable levels by time:
  Lair:4: 2655 daAuts
   Elf:1: 2578 daAuts
Spider:3: 2555 daAuts
Spider:4: 2542 daAuts
Spider:1: 2276 daAuts
Shoals:3: 2092 daAuts
Shoals:4: 1951 daAuts
Shoals:1: 1861 daAuts
  Lair:1: 1846 daAuts
Vaults:2: 1845 daAuts
Vaults:1: 1780 daAuts
     D:9: 1507 daAuts
    D:14: 1426 daAuts
    D:11: 1358 daAuts
  Lair:6: 1328 daAuts
